[Event "AUT-ch Open 2020"]
[Site "Graz"]
[Date "2020.02.15"]
[Round "2.28"]
[White "Brinovec, David"]
[Black "Kosakowski, Jakub"]
[Result "1-0"]
[ECO "B08"]
[WhiteElo "2279"]
[BlackElo "2413"]
[Annotator "ChessBase"]
[PlyCount "101"]
[EventDate "2020.02.14"]
[EventType "swiss"]
[EventCountry "AUT"]
[SourceTitle "playchess.com"]
[Source "ChessBase"]
[SourceQuality "1"]
[TimeControl "40/5400+30:1800+30"]

1. e4 d6 2. d4 Nf6 3. Nc3 g6 4. Nf3 Bg7 5. Bf4 c5 6. d5 Bg4 7. Qd2 Bxf3 8. gxf3 Nbd7 9. a4 Qa5 10. Nb5 Qxd2+ 11. Bxd2 O-O 12. a5 a6 13. Nc3 e6 14. O-O-O exd5 15. Nxd5 Nxd5 16. exd5 Rfe8 17. h4 h5 18. Bh3 Ne5 19. Bf4 Nc4 20. b3 Bb2+ 21. Kb1 Be5 22. Bc1 Nxa5 23. f4 Bf6 24. f5 b5 25. fxg6 fxg6 26. Be6+ Kh7 27. f4 Ra7 28. f5 gxf5 29. Rdf1 Bd4 30. Rxf5 Kh8 31. Rxh5+ Rh7 32. Rxh7+ Kxh7 33. Rf1 b4 34. Rf7+ Kg6 35. Bd2 Kh5 36. Rf5+ Kg6 37. h5+ Kh7 38. Kc1 Kh8 39. h6 Nb7 40. Kd1 Be5 41. Ke2 Nd8 42. Bd7 Rg8 43. Kf3 Kh7 44. Bg5 Kg6 45. Kg4 a5 46. Rf3 Rh8 47. Bb5 c4 48. Bxc4 Rxh6 49. Bd3+ Kg7 50. Bxh6+ Kxh6 51. Rf8 1-0

[Event "AUT-ch Open 2020"]
[Site "Graz"]
[Date "2020.02.15"]
[Round "2.29"]
[White "Schwabeneder, Florian"]
[Black "Meurs, Tom"]
[Result "1-0"]
[ECO "A06"]
[WhiteElo "2412"]
[BlackElo "2249"]
[Annotator "ChessBase"]
[PlyCount "61"]
[EventDate "2020.02.14"]
[EventType "swiss"]
[EventCountry "AUT"]
[SourceTitle "playchess.com"]
[Source "ChessBase"]
[SourceQuality "1"]
[TimeControl "40/5400+30:1800+30"]

1. Nf3 d5 2. g3 Nf6 3. Bg2 Bg4 4. O-O Nbd7 5. d3 e5 6. h3 Bh5 7. c4 c6 8. cxd5 cxd5 9. Bg5 Be7 10. Nc3 d4 11. Bxf6 Bxf6 12. Nd5 O-O 13. Rc1 Nb6 14. Nxf6+ Qxf6 15. Rc7 Rab8 16. Qb3 Rfe8 17. a4 Qd6 18. Rfc1 Re7 19. Rxe7 Qxe7 20. a5 Nc8 21. g4 Bg6 22. Qd5 e4 23. Ne5 exd3 24. exd3 Nd6 25. a6 bxa6 26. Qxd4 Nb5 27. Qd5 Re8 28. d4 Qg5 29. Rc6 Qf4 30. Qd7 Rf8 31. Rc8 1-0

[Event "AUT-ch Open 2020"]
[Site "Graz"]
[Date "2020.02.15"]
[Round "2.30"]
[White "Steindl, Johannes"]
[Black "Karthikeyan, P.."]
[Result "0-1"]
[ECO "B94"]
[WhiteElo "2273"]
[BlackElo "2406"]
[Annotator "ChessBase"]
[PlyCount "52"]
[EventDate "2020.02.14"]
[EventType "swiss"]
[EventCountry "AUT"]
[SourceTitle "playchess.com"]
[Source "ChessBase"]
[SourceQuality "1"]
[TimeControl "40/5400+30:1800+30"]

1. e4 c5 2. Nf3 d6 3. d4 cxd4 4. Nxd4 Nf6 5. Nc3 a6 6. Bg5 Nbd7 7. Qe2 h6 8. Bh4 b5 9. f4 g5 10. fxg5 hxg5 11. Bxg5 Bb7 12. O-O-O e6 13. e5 dxe5 14. Ndxb5 axb5 15. Rxd7 Kxd7 16. Qxe5 Bh6 17. Bxb5+ Kc8 18. Bxh6 Rxh6 19. Qc5+ Kb8 20. Rd1 Nd5 21. Bc6 Ra5 22. Nb5 Qe7 23. Qc4 Rh4 24. g4 Qg5+ 25. Kb1 Rxg4 26. Nd4 Rg1 0-1

[Event "AUT-ch Open 2020"]
[Site "Graz"]
[Date "2020.02.15"]
[Round "2.31"]
[White "Ioannidis, Evgenios"]
[Black "Bakalarz, Mietek"]
[Result "1-0"]
[ECO "A06"]
[WhiteElo "2399"]
[BlackElo "2245"]
[Annotator "ChessBase"]
[PlyCount "101"]
[EventDate "2020.02.14"]
[EventType "swiss"]
[EventCountry "AUT"]
[SourceTitle "playchess.com"]
[Source "ChessBase"]
[SourceQuality "1"]
[TimeControl "40/5400+30:1800+30"]

1. Nf3 d5 2. d4 Bf5 3. c4 e6 4. Nc3 Nc6 5. Bf4 Bd6 6. Bg3 Nf6 7. e3 O-O 8. Rc1 Ne4 9. cxd5 Nxc3 10. Rxc3 exd5 11. a3 Bxg3 12. hxg3 a6 13. Nh4 Bg6 14. Qg4 Qd6 15. Qh3 h6 16. g4 Rfe8 17. Nxg6 Qxg6 18. Bd3 Qf6 19. O-O Re7 20. Rfc1 Rae8 21. Qh5 g5 22. Rc5 Qd6 23. Qh2 Rd8 24. Bxa6 Nxd4 25. exd4 Qxh2+ 26. Kxh2 bxa6 27. Rxc7 Re4 28. Rc8 Rxc8 29. Rxc8+ Kg7 30. Rc6 Rxg4 31. Rxa6 Rxd4 32. b4 Rd2 33. b5 Rb2 34. a4 d4 35. Kg3 f5 36. b6 d3 37. Kf3 Re2 38. a5 g4+ 39. Kg3 Rb2 40. Ra7+ Kf6 41. Rd7 Rb5 42. Rxd3 Rxa5 43. Rb3 Ra8 44. b7 Rb8 45. Kf4 Ke6 46. Rb6+ Kd7 47. Rxh6 Kc7 48. Rh7+ Kc6 49. Kxf5 Rg8 50. g3 Kb6 51. Rg7 1-0

[Event "AUT-ch Open 2020"]
[Site "Graz"]
[Date "2020.02.15"]
[Round "2.32"]
[White "Pasti, Aron"]
[Black "Menezes, Christoph"]
[Result "1/2-1/2"]
[ECO "B90"]
[WhiteElo "2247"]
[BlackElo "2247"]
[Annotator "ChessBase"]
[PlyCount "74"]
[EventDate "2020.02.14"]
[EventType "swiss"]
[EventCountry "AUT"]
[SourceTitle "playchess.com"]
[Source "ChessBase"]
[SourceQuality "1"]
[TimeControl "40/5400+30:1800+30"]

1. e4 c5 2. Nf3 d6 3. d4 cxd4 4. Nxd4 Nf6 5. Nc3 a6 6. h3 e6 7. g4 Be7 8. Bg2 Nfd7 9. O-O Nc6 10. Be3 O-O 11. f4 Nxd4 12. Bxd4 e5 13. Be3 exf4 14. Bxf4 Ne5 15. Nd5 Be6 16. Qd4 Bxd5 17. exd5 Bf6 18. Qf2 Ng6 19. Be3 b5 20. c3 Bh4 21. Qf5 Qe7 22. Bd4 Qe2 23. b3 Rae8 24. a4 bxa4 25. bxa4 Bg3 26. Qf3 Be5 27. Qxe2 Bxd4+ 28. Rf2 Rxe2 29. cxd4 Re3 30. Rf3 Re7 31. Rc1 Nh4 32. Rf2 Re3 33. Rc6 Rd3 34. Rxd6 Rxd4 35. Rxa6 Nxg2 36. Kxg2 Rxd5 37. a5 Rdd8 1/2-1/2

[Event "AUT-ch Open 2020"]
[Site "Graz"]
[Date "2020.02.15"]
[Round "2.33"]
[White "Drnovsek, Gal"]
[Black "Ninov, Dayan"]
[Result "0-1"]
[ECO "A10"]
[WhiteElo "2242"]
[BlackElo "2242"]
[Annotator "ChessBase"]
[PlyCount "70"]
[EventDate "2020.02.14"]
[EventType "swiss"]
[EventCountry "AUT"]
[SourceTitle "playchess.com"]
[Source "ChessBase"]
[SourceQuality "1"]
[TimeControl "40/5400+30:1800+30"]

1. c4 g6 2. d4 Bg7 3. Nf3 c5 4. d5 d6 5. e4 e6 6. Be2 a6 7. O-O exd5 8. exd5 Ne7 9. Nc3 Nd7 10. Ne4 Nf6 11. Qa4+ b5 12. cxb5 O-O 13. bxa6 Nfxd5 14. Rd1 Qc7 15. Qb3 Rb8 16. Qa3 Rb6 17. a7 Bb7 18. Nc3 Nxc3 19. bxc3 Ra8 20. Bd2 Bc6 21. Qc1 Rxa7 22. Bh6 Bh8 23. Nd2 d5 24. Nb3 Ba4 25. Bf4 Be5 26. Bxe5 Qxe5 27. Re1 Bxb3 28. axb3 Rxa1 29. Qxa1 Re6 30. g3 Nf5 31. Kf1 Qe4 32. f3 Qc2 33. Kf2 d4 34. cxd4 Nxd4 35. Qd1 Rxe2+ 0-1

[Event "AUT-ch Open 2020"]
[Site "Graz"]
[Date "2020.02.15"]
[Round "2.34"]
[White "Palczert, Matyas"]
[Black "Megalios, Konstantinos"]
[Result "0-1"]
[ECO "B67"]
[WhiteElo "2094"]
[BlackElo "2094"]
[Annotator "NA"]
[PlyCount "74"]
[EventDate "2020.02.14"]
[EventType "swiss"]
[EventCountry "AUT"]
[SourceTitle "playchess.com"]
[Source "ChessBase"]
[SourceQuality "1"]
[TimeControl "40/5400+30:1800+30"]

1. e4 c5 2. Nf3 d6 3. d4 cxd4 4. Nxd4 Nf6 5. Nc3 Nc6 6. Bg5 e6 7. Qd2 a6 8. O-O-O Bd7 9. f4 h6 10. Bh4 Nxe4 11. Nxe4 Qxh4 12. Nxc6 Bxc6 13. Nxd6+ Bxd6 14. Qxd6 Rd8 15. Qxd8+ Qxd8 16. Rxd8+ Kxd8 17. Rg1 g5 18. g3 Rg8 19. f5 exf5 20. Bh3 Be4 21. Rf1 g4 22. Rd1+ Ke7 23. Bf1 h5 24. Bd3 Bf3 25. Re1+ Kf6 26. Kd2 h4 27. b4 Rh8 28. a4 hxg3 29. hxg3 Rh3 30. Rg1 Kg5 31. b5 axb5 32. axb5 f4 33. gxf4+ Kxf4 34. Re1 Rh2+ 35. Kc3 g3 36. Re7 f5 37. Rg7 g2 0-1

[Event "AUT-ch Open 2020"]
[Site "Graz"]
[Date "2020.02.15"]
[Round "2.35"]
[White "Hoefelsauer, Thomas"]
[Black "Horvath, Reka"]
[Result "1-0"]
[ECO "A31"]
[WhiteElo "2390"]
[BlackElo "2018"]
[Annotator "ChessBase"]
[PlyCount "126"]
[EventDate "2020.02.14"]
[EventType "swiss"]
[EventCountry "AUT"]
[SourceTitle "playchess.com"]
[Source "ChessBase"]
[SourceQuality "1"]
[TimeControl "40/5400+30:1800+30"]

1. Nf3 Nf6 2. c4 c5 3. d4 cxd4 4. Nxd4 g6 5. g3 Bg7 6. Bg2 O-O 7. Nc3 Nc6 8. O-O d6 9. e3 Bd7 10. b3 Qc8 11. Bb2 Bh3 12. Rc1 Bxg2 13. Kxg2 h5 14. Nd5 e6 15. Nxf6+ Bxf6 16. Qf3 Bg7 17. Rfd1 Ne5 18. Qe2 b6 19. f4 Qb7+ 20. Kg1 Nf3+ 21. Qxf3 Qxf3 22. Nxf3 Bxb2 23. Rc2 Ba3 24. Nd4 Bc5 25. Kf2 a6 26. Rcd2 Bb4 27. Rd3 b5 28. Nc6 bxc4 29. Rd4 Bc5 30. Rxc4 a5 31. Kf3 Kg7 32. Nd4 Rfb8 33. Nc2 Rc8 34. e4 f5 35. exf5 d5 36. Rc3 gxf5 37. Rc1 Bb6 38. Ne1 Rxc3+ 39. Rxc3 Bd4 40. Rc7+ Kf6 41. Ke2 Ra7 42. Rc6 Ke7 43. Nf3 Bf6 44. Ng5 Kd7 45. Rb6 Bd8 46. Rb8 Kc7 47. Rb5 Kc6 48. a4 Bb6 49. Kd3 Re7 50. Nf3 Rb7 51. b4 axb4 52. Rxb4 Ra7 53. Ne5+ Kc7 54. Kc2 Bg1 55. Nf3 Bc5 56. Rb5 Kd6 57. Kb3 d4 58. a5 Kd5 59. Ne5 Kd6 60. Nd3 Rc7 61. Nxc5 Rxc5 62. Rxc5 Kxc5 63. a6 Kd5 1-0

[Event "AUT-ch Open 2020"]
[Site "Graz"]
[Date "2020.02.15"]
[Round "2.36"]
[White "Tomazini, Zan"]
[Black "Skurniak, Szymon"]
[Result "1-0"]
[ECO "B06"]
[WhiteElo "1942"]
[BlackElo "1942"]
[Annotator "NA"]
[PlyCount "69"]
[EventDate "2020.02.14"]
[EventType "swiss"]
[EventCountry "AUT"]
[SourceTitle "playchess.com"]
[Source "ChessBase"]
[SourceQuality "1"]
[TimeControl "40/5400+30:1800+30"]

1. e4 g6 2. d4 Bg7 3. Nc3 c6 4. Nf3 d5 5. h3 Nh6 6. g3 O-O 7. Bg2 dxe4 8. Nxe4 Nf5 9. c3 Be6 10. O-O Bd5 11. Re1 Nd6 12. Nxd6 exd6 13. Bf4 Na6 14. Qa4 Qd7 15. Qa3 Rfd8 16. Bxd6 Bxf3 17. Bxf3 Qxh3 18. Be7 Re8 19. Bxc6 bxc6 20. Qxa6 Qd7 21. Qa3 Rab8 22. Bc5 Rxe1+ 23. Rxe1 Re8 24. Rxe8+ Qxe8 25. Qxa7 Qe1+ 26. Kg2 Qe4+ 27. Kh2 h5 28. Qb8+ Kh7 29. Qf4 Qe6 30. a4 Bh6 31. Qf3 f5 32. a5 f4 33. a6 fxg3+ 34. fxg3 Qa2 35. Ba3 1-0

[Event "AUT-ch Open 2020"]
[Site "Graz"]
[Date "2020.02.16"]
[Round "3.1"]
[White "Bin-Suhayl, Ieysaa"]
[Black "Drnovsek, Gal"]
[Result "1/2-1/2"]
[ECO "E09"]
[WhiteElo "2174"]
[BlackElo "2390"]
[Annotator "ChessBase"]
[PlyCount "80"]
[EventDate "2020.02.14"]
[EventType "swiss"]
[EventCountry "AUT"]
[SourceTitle "playchess.com"]
[Source "ChessBase"]
[SourceQuality "1"]
[TimeControl "40/5400+30:1800+30"]

1. d4 Nf6 2. c4 e6 3. Nf3 d5 4. g3 Bb4+ 5. Bd2 Be7 6. Bg2 O-O 7. Qc2 c6 8. O-O Nbd7 9. Bf4 Nh5 10. Bc1 Nhf6 11. Nbd2 b6 12. e4 Ba6 13. e5 Ne8 14. Re1 Nc7 15. b3 c5 16. Ba3 Rc8 17. Rac1 dxc4 18. Nxc4 Nb5 19. Bb2 Nxd4 20. Bxd4 cxd4 21. Nxd4 Bxc4 22. bxc4 Qc7 23. Nc6 Nb8 24. Nxb8 Qxb8 25. Qe4 Rfd8 26. Red1 Ba3 27. Rb1 Qc7 28. Bf1 Bc5 29. Kg2 g6 30. Be2 a5 31. h4 Bb4 32. h5 Bc3 33. f4 Bb4 34. hxg6 hxg6 35. g4 Qe7 36. Qf3 Kg7 37. Qe4 Bc5 38. Qf3 Rxd1 39. Rxd1 Rh8 40. Qg3 Qh4 1/2-1/2

[Event "AUT-ch Open 2020"]
[Site "Graz"]
[Date "2020.02.16"]
[Round "3.2"]
[White "Secheres, Adrian-Simion"]
[Black "Hapala, Elisabeth"]
[Result "1-0"]
[ECO "E51"]
[WhiteElo "2387"]
[BlackElo "2170"]
[Annotator "ChessBase"]
[PlyCount "81"]
[EventDate "2020.02.14"]
[EventType "swiss"]
[EventCountry "AUT"]
[SourceTitle "playchess.com"]
[Source "ChessBase"]
[SourceQuality "1"]
[TimeControl "40/5400+30:1800+30"]

1. d4 Nf6 2. c4 e6 3. Nc3 Bb4 4. e3 O-O 5. Nf3 d5 6. Bd2 b6 7. cxd5 exd5 8. Rc1 Re8 9. Bd3 Bb7 10. O-O a6 11. Ne5 Nbd7 12. f4 c5 13. Rf3 Ne4 14. Be1 Ndf6 15. Bh4 cxd4 16. exd4 Rc8 17. Rh3 Be7 18. Bxf6 Bxf6 19. Qh5 Bxe5 20. Qxh7+ Kf8 21. fxe5 Qg5 22. Rf1 Ke7 23. Bxe4 dxe4 24. Rg3 Rh8 25. Qxe4 Bxe4 26. Rxg5 Bd3 27. Rd1 Bc2 28. Rd2 Bg6 29. d5 b5 30. a3 a5 31. d6+ Ke6 32. Nxb5 Rc1+ 33. Kf2 Rxh2 34. Nd4+ Kd7 35. e6+ Kd8 36. e7+ Kd7 37. Rxa5 Be4 38. Ra7+ Ke8 39. d7+ Kxe7 40. d8=Q+ Kxd8 41. Nc6+ 1-0

[Event "AUT-ch Open 2020"]
[Site "Graz"]
[Date "2020.02.16"]
[Round "3.3"]
[White "Banzea, Alexandru-Bogdan"]
[Black "Cosman, Andreea-Marioara"]
[Result "1-0"]
[ECO "B72"]
[WhiteElo "2368"]
[BlackElo "2165"]
[Annotator "ChessBase"]
[PlyCount "63"]
[EventDate "2020.02.14"]
[EventType "swiss"]
[EventCountry "AUT"]
[SourceTitle "playchess.com"]
[Source "ChessBase"]
[SourceQuality "1"]
[TimeControl "40/5400+30:1800+30"]

1. e4 c5 2. Nf3 d6 3. d4 cxd4 4. Nxd4 Nf6 5. Nc3 a6 6. h3 g6 7. Be3 Nc6 8. Qd2 Bg7 9. O-O-O Bd7 10. g4 O-O 11. f3 Rc8 12. h4 h5 13. Kb1 Qa5 14. Nb3 Qd8 15. Nd5 Nxd5 16. exd5 Ne5 17. Nd4 hxg4 18. h5 gxf3 19. hxg6 fxg6 20. Bh6 Rf7 21. Bxg7 Rxg7 22. Qh6 Ng4 23. Qh8+ Kf7 24. Qh3 Ne5 25. Ne6 Qc7 26. Bd3 Qa5 27. Bxg6+ Nxg6 28. Qxf3+ Kg8 29. Nxg7 Kxg7 30. Rdg1 Be8 31. Qh3 Qc7 32. Qh8+ 1-0

[Event "AUT-ch Open 2020"]
[Site "Graz"]
[Date "2020.02.16"]
[Round "3.4"]
[White "Giacomini, Hector"]
[Black "Barp, Alberto"]
[Result "0-1"]
[ECO "E14"]
[WhiteElo "2161"]
[BlackElo "2368"]
[Annotator "ChessBase"]
[PlyCount "58"]
[EventDate "2020.02.14"]
[EventType "swiss"]
[EventCountry "AUT"]
[SourceTitle "playchess.com"]
[Source "ChessBase"]
[SourceQuality "1"]
[TimeControl "40/5400+30:1800+30"]

1. Nf3 d5 2. e3 Nf6 3. c4 e6 4. Nc3 b6 5. b3 Bd6 6. Bb2 O-O 7. Rc1 a6 8. d4 Nbd7 9. Bd3 Bb7 10. O-O Ne4 11. Ne2 Qf6 12. Qc2 Qh6 13. h3 Ndf6 14. Ne5 Rad8 15. Rcd1 dxc4 16. Nxc4 Qg5 17. f4 Qh4 18. Nxd6 cxd6 19. Qc7 Rd7 20. Qc2 Rc8 21. Qb1 Rdc7 22. Bc1 Ng3 23. Nxg3 Qxg3 24. Rf2 Nd5 25. Re1 Nc3 26. Qb2 Bxg2 27. Rxg2 Qxe1+ 28. Kh2 Na4 29. bxa4 Rxc1 0-1

[Event "AUT-ch Open 2020"]
[Site "Graz"]
[Date "2020.02.16"]
[Round "3.5"]
[White "Szotkowski, Jakub"]
[Black "Simonetto, Andrea"]
[Result "1/2-1/2"]
[ECO "E51"]
[WhiteElo "2367"]
[BlackElo "2158"]
[Annotator "ChessBase"]
[PlyCount "67"]
[EventDate "2020.02.14"]
[EventType "swiss"]
[EventCountry "AUT"]
[SourceTitle "playchess.com"]
[Source "ChessBase"]
[SourceQuality "1"]
[TimeControl "40/5400+30:1800+30"]

1. d4 d5 2. c4 e6 3. Nc3 Bb4 4. e3 Nf6 5. Nf3 O-O 6. Bd2 b6 7. cxd5 exd5 8. Bd3 Ba6 9. Bxa6 Nxa6 10. Qa4 Qc8 11. O-O Bxc3 12. Bxc3 Qb7 13. Rac1 Ne4 14. Rfd1 f6 15. Be1 Rac8 16. b3 Rfd8 17. Qc6 Qxc6 18. Rxc6 Nb8 19. Rc2 Nd7 20. Kf1 Kf7 21. Ke2 c6 22. Rdc1 Nb8 23. Bb4 Ke6 24. Ne1 Re8 25. Nd3 Kd7 26. Be1 Nd6 27. a4 a5 28. g4 h5 29. h3 hxg4 30. hxg4 Rh8 31. Nf4 g5 32. Nh5 Rcf8 33. Ng3 f5 34. Kd3 1/2-1/2

[Event "AUT-ch Open 2020"]
[Site "Graz"]
[Date "2020.02.16"]
[Round "3.6"]
[White "Chylewski, Patryk"]
[Black "Klings, Peter"]
[Result "1-0"]
[ECO "A13"]
[WhiteElo "2350"]
[BlackElo "2154"]
[Annotator "ChessBase"]
[PlyCount "79"]
[EventDate "2020.02.14"]
[EventType "swiss"]
[EventCountry "AUT"]
[SourceTitle "playchess.com"]
[Source "ChessBase"]
[SourceQuality "1"]
[TimeControl "40/5400+30:1800+30"]

1. Nf3 Nf6 2. c4 e6 3. g3 a6 4. Bg2 b5 5. cxb5 axb5 6. d4 d5 7. O-O Nbd7 8. Nc3 b4 9. Na4 Ba6 10. b3 Bb5 11. Nb2 c5 12. dxc5 Nxc5 13. Nd4 Ba6 14. Bd2 Qb6 15. Nc4 Bxc4 16. bxc4 Nce4 17. e3 Ra3 18. cxd5 exd5 19. Qc2 Bc5 20. Bxb4 Qxb4 21. Rfb1 O-O 22. Rxb4 Bxb4 23. Nb5 Ra5 24. Qc6 h5 25. a4 Raa8 26. Bxe4 dxe4 27. Nd6 Bxd6 28. Qxd6 Ra5 29. h3 Rfa8 30. Qd4 Kh7 31. Qc4 R8a7 32. Kg2 Kg6 33. Qc2 Kh6 34. Ra2 Kg5 35. Rb2 Rxa4 36. Rb5+ Kh6 37. Qc5 R4a6 38. g4 hxg4 39. Qg5+ Kh7 40. Qh4+ 1-0

[Event "AUT-ch Open 2020"]
[Site "Graz"]
[Date "2020.02.16"]
[Round "3.7"]
[White "Livaic, Leon"]
[Black "Hoefelsauer, Thomas"]
[Result "1-0"]
[ECO "B13"]
[WhiteElo "2492"]
[BlackElo "2390"]
[Annotator "ChessBase"]
[PlyCount "57"]
[EventDate "2020.02.14"]
[EventType "swiss"]
[EventCountry "AUT"]
[SourceTitle "playchess.com"]
[Source "ChessBase"]
[SourceQuality "1"]
[TimeControl "40/5400+30:1800+30"]

1. e4 c6 2. d4 d5 3. exd5 cxd5 4. Bd3 Nc6 5. c3 Nf6 6. h3 g6 7. Nf3 Bf5 8. Ne5 Bxd3 9. Nxd3 Bg7 10. Bf4 O-O 11. Nd2 e6 12. O-O Rc8 13. Re1 Nd7 14. Qg4 Na5 15. Bg5 Qb6 16. Re2 Nc4 17. Nxc4 Rxc4 18. Qf3 Rcc8 19. Rae1 Qd6 20. h4 h5 21. Nf4 Nf6 22. Bxf6 Bxf6 23. Nxh5 Bxh4 24. Qg4 Qe7 25. Re5 Rcd8 26. Nf4 Kg7 27. R1e3 Rh8 28. Rxe6 Qg5 29. Rxg6+ 1-0

[Event "AUT-ch Open 2020"]
[Site "Graz"]
[Date "2020.02.16"]
[Round "3.7"]
[White "Wegerer, Fred"]
[Black "Stoleriu, George"]
[Result "0-1"]
[ECO "A28"]
[WhiteElo "2132"]
[BlackElo "2337"]
[Annotator "ChessBase"]
[PlyCount "84"]
[EventDate "2020.02.14"]
[EventType "swiss"]
[EventCountry "AUT"]
[SourceTitle "playchess.com"]
[Source "ChessBase"]
[SourceQuality "1"]
[TimeControl "40/5400+30:1800+30"]

1. c4 e5 2. e3 Nc6 3. Nc3 Nf6 4. Nf3 Be7 5. Qc2 O-O 6. a3 a5 7. h3 Re8 8. Be2 d6 9. O-O h6 10. d4 exd4 11. exd4 d5 12. Rd1 Be6 13. c5 Nh7 14. Bf4 Ng5 15. Nb5 Rc8 16. Nxg5 Bxg5 17. Bh2 Qd7 18. Bd3 Bf6 19. Qc3 g6 20. b4 axb4 21. axb4 Bg7 22. Bf1 g5 23. Ra3 f5 24. h4 f4 25. hxg5 hxg5 26. g3 Bg4 27. Rd3 Rf8 28. gxf4 gxf4 29. Bh3 Rce8 30. Kh1 f3 31. Bf1 Re6 32. Nxc7 Rh6 33. Nxd5 Qxd5 34. Qb3 Qxb3 35. Raxb3 Rf5 36. Kg1 Nxd4 37. Rxd4 Bxd4 38. Bc4+ Kg7 39. Rd3 Bxf2+ 40. Kxf2 Rxh2+ 41. Kg1 Rg2+ 42. Kf1 Rh5 0-1

[Event "AUT-ch Open 2020"]
[Site "Graz"]
[Date "2020.02.16"]
[Round "3.8"]
[White "Megalios, Konstantinos"]
[Black "Schoppen, Casper"]
[Result "1/2-1/2"]
[ECO "E01"]
[WhiteElo "2489"]
[BlackElo "2489"]
[Annotator "ChessBase"]
[PlyCount "65"]
[EventDate "2020.02.14"]
[EventType "swiss"]
[EventCountry "AUT"]
[SourceTitle "playchess.com"]
[Source "ChessBase"]
[SourceQuality "1"]
[TimeControl "40/5400+30:1800+30"]

1. d4 Nf6 2. c4 e6 3. g3 d5 4. Bg2 Bb4+ 5. Nd2 O-O 6. Ngf3 dxc4 7. Qc2 a5 8. O-O b5 9. a4 c6 10. b3 cxb3 11. Nxb3 bxa4 12. Rxa4 Ba6 13. Bd2 Bb5 14. Raa1 Nbd7 15. Rfb1 Bxd2 16. Nfxd2 Bxe2 17. Qxc6 Ra6 18. Qb7 Bd3 19. Nc1 Bxb1 20. Qxa6 Bf5 21. Qxa5 Qb8 22. Ne2 Rc8 23. Nf1 Qd6 24. Ne3 Bg6 25. Qa3 Qb6 26. Bf3 h6 27. Rc1 Rxc1+ 28. Qxc1 Bd3 29. Qd1 Ba6 30. Nc3 Qb2 31. Ne4 Nxe4 32. Bxe4 Nf6 33. Qb1 1/2-1/2

[Event "AUT-ch Open 2020"]
[Site "Graz"]
[Date "2020.02.16"]
[Round "3.8"]
[White "Golecki, Jan"]
[Black "Rathnakaran, K.."]
[Result "1-0"]
[ECO "C06"]
[WhiteElo "2112"]
[BlackElo "2334"]
[Annotator "ChessBase"]
[PlyCount "53"]
[EventDate "2020.02.14"]
[EventType "swiss"]
[EventCountry "AUT"]
[SourceTitle "playchess.com"]
[Source "ChessBase"]
[SourceQuality "1"]
[TimeControl "40/5400+30:1800+30"]

1. e4 e6 2. d4 d5 3. Nd2 Nf6 4. e5 Nfd7 5. Bd3 c5 6. c3 Nc6 7. Ne2 cxd4 8. cxd4 f6 9. exf6 Nxf6 10. Nf3 Bd6 11. O-O Qc7 12. g3 O-O 13. Bf4 Bd7 14. Rc1 Bxf4 15. Nxf4 Qb6 16. b3 Rae8 17. Re1 Re7 18. Qd2 g5 19. Rxc6 bxc6 20. Nxg5 Rfe8 21. Qc3 Ng4 22. Bxh7+ Rxh7 23. Nxh7 e5 24. Nh5 Kxh7 25. h3 Qd8 26. dxe5 Nh6 27. e6 1-0

[Event "AUT-ch Open 2020"]
[Site "Graz"]
[Date "2020.02.16"]
[Round "3.9"]
[White "Tomazini, Zan"]
[Black "Diermair, Andreas"]
[Result "1-0"]
[ECO "D31"]
[WhiteElo "2483"]
[BlackElo "2483"]
[Annotator "ChessBase"]
[PlyCount "79"]
[EventDate "2020.02.14"]
[EventType "swiss"]
[EventCountry "AUT"]
[SourceTitle "playchess.com"]
[Source "ChessBase"]
[SourceQuality "1"]
[TimeControl "40/5400+30:1800+30"]

1. d4 d5 2. c4 e6 3. Nc3 c6 4. e3 f5 5. g4 Nf6 6. h3 Na6 7. Nf3 Bd6 8. a3 O-O 9. Bd3 dxc4 10. Bxc4 b5 11. Bb3 Kh8 12. Ng5 Qe7 13. e4 e5 14. d5 Nxe4 15. Ngxe4 fxe4 16. dxc6 Bc5 17. Nxe4 Bd4 18. Bg5 Qe8 19. Qc2 Be6 20. Rc1 Bxb3 21. Qxb3 Qg6 22. f3 Nc7 23. h4 h5 24. gxh5 Qxh5 25. Rf1 Qg6 26. h5 Qf5 27. h6 g6 28. Be7 Qf4 29. Rc2 Rf5 30. Bd6 Qh4+ 31. Kd1 Qh3 32. Nd2 Ne8 33. Be7 e4 34. Qb4 Bb6 35. Qxe4 Rc8 36. Kc1 Rc7 37. Bd8 Nd6 38. Qd3 Nc4 39. Rxc4 bxc4 40. Qc3+ 1-0

[Event "AUT-ch Open 2020"]
[Site "Graz"]
[Date "2020.02.16"]
[Round "3.9"]
[White "Mis, Mieszko"]
[Black "Murray, David"]
[Result "1-0"]
[ECO "D38"]
[WhiteElo "2334"]
[BlackElo "2145"]
[Annotator "ChessBase"]
[PlyCount "59"]
[EventDate "2020.02.14"]
[EventType "swiss"]
[EventCountry "AUT"]
[SourceTitle "playchess.com"]
[Source "ChessBase"]
[SourceQuality "1"]
[TimeControl "40/5400+30:1800+30"]

1. d4 Nf6 2. c4 e6 3. Nf3 d5 4. Nc3 Bb4 5. Qa4+ Nc6 6. e3 O-O 7. Qc2 b6 8. Bd2 Bb7 9. a3 Be7 10. cxd5 Nxd5 11. Bd3 h6 12. O-O-O Nxc3 13. Bxc3 a6 14. e4 Kh8 15. Bc4 Na5 16. Ba2 Bg5+ 17. Kb1 f5 18. d5 fxe4 19. dxe6 exf3 20. Rxd8 Raxd8 21. Qg6 Rg8 22. g3 Nc6 23. h4 Bd2 24. Bxd2 Rxd2 25. Qf7 Ne7 26. Qxe7 Be4+ 27. Ka1 Rxf2 28. Qf7 Bc6 29. e7 Ra8 30. Qf8+ 1-0

[Event "AUT-ch Open 2020"]
[Site "Graz"]
[Date "2020.02.16"]
[Round "3.10"]
[White "Soham Das"]
[Black "Froewis, Georg"]
[Result "0-1"]
[ECO "B40"]
[WhiteElo "2461"]
[BlackElo "2461"]
[Annotator "RC"]
[PlyCount "150"]
[EventDate "2020.02.14"]
[EventType "swiss"]
[EventCountry "AUT"]
[SourceTitle "playchess.com"]
[Source "ChessBase"]
[SourceQuality "1"]
[TimeControl "40/5400+30:1800+30"]

1. e4 c5 2. Nf3 e6 3. d3 Nc6 4. g3 d5 5. Qe2 Be7 6. Bg2 Nf6 7. O-O b5 8. exd5 exd5 9. d4 c4 10. Ne5 Nxd4 11. Qd1 Ne6 12. Nc3 Bb7 13. Nxb5 Qb6 14. a4 a6 15. Be3 Qd8 16. Nd4 Qc7 17. Nxe6 fxe6 18. Bd4 O-O 19. Bh3 Qd6 20. b4 cxb3 21. cxb3 Ne4 22. Qg4 Ng5 23. Bg2 Bf6 24. f4 Ne4 25. Rad1 Rae8 26. h4 Qb4 27. h5 Nd2 28. Rxd2 Qxd2 29. Rd1 Qc2 30. Rd3 Re7 31. Bf1 a5 32. Rd1 Qxb3 33. h6 Qxa4 34. Bc5 Rfe8 35. hxg7 Rxg7 36. Qh5 Rc8 37. Ng4 Bc3 38. Nh6+ Kh8 39. Bd6 Qe8 40. Qh3 Qg6 41. f5 exf5 42. Nxf5 Rcg8 43. Bd3 Qxd6 44. Nxd6 Rxg3+ 45. Qxg3 Rxg3+ 46. Kf2 Rg7 47. Rb1 Bb4 48. Nxb7 Rxb7 49. Kf3 Re7 50. Bc2 d4 51. Rg1 Rg7 52. Rh1 Rc7 53. Rh2 Re7 54. Rg2 Rg7 55. Rh2 Ra7 56. Ke4 Bc3 57. Ba4 Re7+ 58. Kd5 Re3 59. Kc4 Re5 60. Bc2 Re7 61. Rg2 Ra7 62. Ba4 Rb7 63. Bb5 h6 64. Kc5 Rg7 65. Rh2 Rg5+ 66. Kb6 Kg7 67. Ba4 d3 68. Rh3 Rd5 69. Kc6 Rd4 70. Rg3+ Kf6 71. Bd1 Bb4 72. Rh3 Rd6+ 73. Kb5 Kg5 74. Kc4 d2 75. Rh5+ Kg6 {[%emt 0:00:07] Kd4} 0-1